 Dungeon Crawl Stone Soup version 0.29-a0-700-g2f1814c7b2 (webtiles) character file.

Game seed: 1357500150587310444

113 buhh the Bolt Thrower (level 5, 35/41 HPs)
             Began as a Formicid Hunter on June 25, 2022.
             Quit the game on level 11 of the Dungeon.
             The game lasted 00:06:42 (2320 turns).

buhh the Bolt Thrower (Formicid Hunter)             Turns: 2320, Time: 00:06:43

Health: 35/41      AC:  5    Str: 15    XL:     5   Next: 17%
Magic:  5/5        EV: 12    Int: 15    God:
Gold:   216        SH:  0    Dex: 25    Spells: 4/4 levels left

rFire   . . .      SeeInvis +   a - +1 hand crossbow
rCold   x . .      Faith    .   (no shield)
rNeg    . . .      Spirit   .   b - +2 leather armour
rPois   .          Reflect  .   (helmet unavailable)
rElec   .          Harm     .   (no cloak)
rCorr   .          Rampage  .   (no gloves)
Will    .....                   (no boots)
Stlth   +++.......              (no amulet)
HPRegen 0.13/turn               l - +6 ring of intelligence
MPRegen 0.09/turn               c - ring of Gozag's Envy {+Blink rC- Dex+6 SInv}

@: no status effects
A: permanent stasis, dig shafts and tunnels, antennae 3, four strong arms
a: Dig, Shaft Self


You were on level 11 of the Dungeon.
You visited 1 branch of the dungeon, and saw 8 of its levels.

You collected 216 gold pieces.

Inventory:

Hand Weapons
 a - a +1 hand crossbow (weapon)
Missiles
 h - a throwing net {!f}
 k - 4 poisoned darts
Armour
 b - a +2 leather armour (worn)
Magical Staves
 e - a staff of air
Jewellery
 c - the ring of Gozag's Envy (right hand) {+Blink rC- Dex+6 SInv}
   (You found it on level 9 of the Dungeon)

   [ring of dexterity]

   Dex:       It affects your dexterity (+6).
   rC:        It makes you vulnerable to cold.
   SInv:      It lets you see invisible.
   +Blink:    It lets you blink.
 l - a +6 ring of intelligence (left hand)
 n - a ring of positive energy
Scrolls
 t - 6 scrolls of teleportation {!d}
 T - 2 scrolls of immolation {!d}
 X - a scroll of amnesia
Potions
 d - a potion of cancellation {unknown}
 f - 3 potions of haste {unknown}
 j - a potion of lignification {unknown}
 p - a potion of degeneration {unknown}
 N - 2 potions of curing {!q!d}


   Skills:
 + Level 3.5 Fighting
 + Level 4.7 Crossbows
 - Level 2.0 Dodging
 + Level 3.4 Stealth


You had 4 spell levels left.
You didn't know any spells.
Your spell library contained the following spells:

 Spells                   Type           Power      Damage    Failure   Level
 Ensorcelled Hibernation  Hex/Ice        0%         N/A       45%         2
 Passwall                 Tmut/Erth      0%         N/A       45%         2
 Call Canine Familiar     Summ           0%         N/A       69%         3
 Portal Projectile        Hex/Tloc       0%         N/A       69%         3
 Leda's Liquefaction      Hex/Erth       0%         N/A       97%         4
 Swiftness                Air            Unusable   N/A       N/A         3

Dungeon Overview and Level Annotations

Branches:
Dungeon (9/15) Zot: 26961
 Temple: D:4-7         Lair: D:8-11         Orc: D:9-12

Altars:


Innate Abilities, Weirdness & Mutations

You cannot be hasted, slowed, berserked, paralysed or teleported.
You can dig through walls and to a lower floor.
You have a pair of large antennae on your head. (SInv)
Your four strong arms can wield two-handed weapons with a shield.


Message History

You shoot a bolt. The bolt hits the orc!
You kill the orc!
An orc comes into view. It is wielding a +0 whip.
You shoot a bolt. The bolt completely misses the orc.
The orc shouts!
You shoot a bolt. The bolt hits the orc!
You kill the orc!
No target in view!
An orc warrior comes into view.
It is wielding a +0 trident and wearing a +1 chain mail of fire resistance.
You shoot a bolt. The bolt barely misses the orc warrior.
The orc warrior shouts!
You hear a shout!
An orc comes into view. It is wielding a +0 flail.
You shoot a bolt.
The bolt hits the orc warrior but does no damage.
You shoot a bolt. The bolt hits the orc warrior.
The orc warrior is lightly wounded.
An orc comes into view. It is wielding a +0 trident.
There is a stone staircase leading up here.
You climb upwards.
The bullfrog barely misses you. The bullfrog closely misses you.
There is a stone staircase leading down here.
The bullfrog attacks as you move away!
The bullfrog hits you but does no damage.
The bullfrog closely misses you.
Are you sure you want to shaft yourself?
The bullfrog hits you.
You begin to dig a shaft.
You continue digging a shaft.
The bullfrog hits you. x2
A shaft appears beneath you!
You fall into a shaft and drop 3 floors!
The shaft crumbles and collapses.
You feel a wave of frost pass over you.
There is an entrance to an ice cave on this level.
Hurry and find it before the portal melts!
A troll comes into view.
A vampire mosquito comes into view.
You open the door.
A wraith comes into view.
A wraith is nearby!
Okay, then.
Are you sure you want to abandon this character and quit the game? (Confirm with "yes".)

### ..# #.########### #
............# ..
###.........# ...
..###..#....### .... ...
#.........### .....
....##.#....#...##......
##.. #.#....###.@'W.....
{ . #......# ####...?..
#..##### ..... #.. ....
...# .## ..y !. .


You could see a wraith.

Vanquished Creatures
  An adder (D:2)
  4 gnolls (D:4)
  A dart slug (D:3)
  3 orcs
  4 bats
  4 endoplasms
  A giant cockroach (D:3)
  7 hobgoblins
  4 jackals (D:1)
  9 kobolds
  4 quokkas
  4 ball pythons
  4 frilled lizards
  4 goblins
  5 rats
59 creatures vanquished.

Notes
Turn   | Place    | Note
-------+----------+-------------------------------------------
     0 | D:1      | buhh the Formicid Hunter began the quest for the Orb.
     0 | D:1      | Reached XP level 1. HP: 16/16 MP: 1/1
    93 | D:1      | Reached XP level 2. HP: 23/23 MP: 2/2
   246 | D:1      | Reached XP level 3. HP: 25/28 MP: 3/3
   541 | D:2      | You fall into a shaft and drop 1 floor!
   935 | D:2      | Reached XP level 4. HP: 35/35 MP: 4/4
  1405 | D:4      | Reached XP level 5. HP: 27/41 MP: 5/5
  1562 | D:4      | You fall into a shaft and drop 2 floors!
  1758 | D:6      | Noticed a seven-headed hydra
  1791 | D:6      | You fall into a shaft and drop 2 floors!
  1854 | D:8      | You fall into a shaft and drop 1 floor!
  1959 | D:9      | Identified the ring of Gozag's Envy {+Blink rC- Dex+6 SInv}
  1996 | D:9      | Noticed a yak
  1996 | D:9      | Noticed a yak
  2075 | D:8      | Noticed a bullfrog
  2115 | D:9      | Noticed a wyvern
  2226 | D:9      | Noticed an orc warrior
  2281 | D:8      | You fall into a shaft and drop 3 floors!
  2286 | D:11     | Noticed a troll
  2310 | D:11     | Noticed a vampire mosquito
  2319 | D:11     | Noticed a wraith
  2320 | D:11     | Quit the game

Illustrated notes

Levels and vault maps discovered:
D:1:      scummos_arrival_forest, layout_rooms
D:2:      layout_basic
D:3:      layout_rooms, chequers_serial_rivers_micro_a
D:4:      layout_basic, nicolae_sif_muna_little_library,
          minmay_fractal_squares_gapless_5
D:6:      minmay_goblin_kobold_castle, layout_basic, grunt_qazlal_clouds,
          lemuel_doored_altar
D:8:      layout_rooms, lightli_orcish_oven, uniq_psyche
D:9:      minmay_the_grid_triangle_9x9_rhombus_full
          [minmay_the_grid_triangle_9x9_sparse_checkered,
          minmay_the_grid_triangle_9x9_negative_grid,
          minmay_the_grid_triangle_9x9_dagger,
          minmay_the_grid_triangle_9x9_corruption,
          minmay_the_grid_triangle_9x9_stretched_checkered,
          minmay_the_grid_triangle_9x9_odd_lines,
          minmay_the_grid_triangle_9x9_cache,
          minmay_the_grid_triangle_9x9_prize_center], layout_gridville
D:11:     layout_roguey, dpeg_oklobed_lair, portal_ice_cave_rime, minmay_radiant

Skill      XL: |  1  2  3  4 |
---------------+-------------+-----
Dodging        | 2 |  2.0
Stealth        | 2 3 |  3.4
Fighting       | 3 |  3.5
Crossbows      | |  4.7

Action                   |  1- 3 |  4- 6 || total
-------------------------+-------+-------++-------
 Fire: Hand crossbow     |    58 |    66 ||   124
 Abil: Dig               |     1 |       ||     1
       Shaft Self        |       |     4 ||     4
  Use: Scroll            |       |     6 ||     6
       Potion            |       |     2 ||     2
Armor: Leather armour    |     4 |     4 ||     8
Dodge: Dodged            |     8 |    18 ||    26

Table legend: (Time is in decaauts)
 A = Elapsed time spent in this place.
 B = Non-inter-level travel time spent in this place.
 C = Inter-level travel time spent in this place.
 D = Time resting spent in this place.
 E = Time spent auto-exploring this place.
 F = Levels seen in this place.
 G = Mean time per level.
                   A        B        C        D        E       F      G
               +--------+--------+--------+--------+--------+-----+--------+
         Total |   2358 |   2288 |     70 |    302 |   1352 |   8 |  294.8 |
       Dungeon |   2358 |   2288 |     70 |    302 |   1352 |   8 |  294.8 |
               +--------+--------+--------+--------+--------+-----+--------+

Top non-repeatable levels by time:
     D:2: 527 daAuts
     D:9: 408 daAuts
     D:1: 396 daAuts
     D:3: 378 daAuts
     D:4: 296 daAuts
     D:6: 228 daAuts
     D:8: 83 daAuts
    D:11: 38 daAuts
